 Dungeon Crawl Stone Soup version 0.23.1 (webtiles) character file.

Game seed: 17271436488358840942

6442 Rarebit the Tainter (level 11, -2/69 HPs)
             Began as a Formicid Venom Mage on Mar 15, 2019.
             Was a Follower of Hepliaklqana.
             Slain by a killer bee (7 damage)
             ... on level 8 of the Dungeon.
             The game lasted 00:40:55 (8749 turns).

Rarebit the Tainter (Formicid Venom Mage)           Turns: 8749, Time: 00:40:57

Health: -2/69      AC: 23    Str: 15    XL:     11   Next: 18%
Magic:  22/22      EV:  8    Int: 16    God:    Hepliaklqana [*.....]
Gold:   623        SH:  0    Dex: 11    Spells: 14/24 levels left

rFire    + . .     SeeInvis +   a - +1 dagger (venom)
rCold    . . .     Gourm    .   (no shield)
rNeg     . . .     Faith    .   T - +2 plate armour {rF+}
rPois    .         Spirit   .   (helmet unavailable)
rElec    .         Reflect  .   A - +2 cloak
rCorr    .         Harm     .   J - +2 pair of gloves
MR       +....                  (no boots)
Stlth    ..........             l - amulet of regeneration
HPRegen  0.61/turn              h - +2 ring of evasion
MPRegen  0.18/turn              H - +1 ring of slaying

@: lethally poisoned (-2 -> -3)
A: permanent stasis, dig shafts and tunnels, four strong arms, reduced essence,
antennae 3
a: Dig, Shaft Self, Recall Ancestor, Ancestor Identity, Renounce Religion


You were on level 8 of the Dungeon.
You worshipped Hepliaklqana.
Hepliaklqana was aware of your devotion.
You were not hungry.

You visited 1 branch of the dungeon, and saw 8 of its levels.

You collected 623 gold pieces.

Inventory:

Hand Weapons
 a - a +1 dagger of venom (weapon)
 b - a +2 mace of holy wrath
 P - a +2 hand axe of flaming
 U - a +0 trident
Missiles
 p - a throwing net
 u - 25 tomahawks (quivered)
Armour
 f - a +0 ring mail
 A - a +2 cloak (worn)
 B - a +0 robe
 J - a +2 pair of gloves (worn)
 K - a +0 scale mail
 N - the +0 ring mail of Umononae {rPois Int-5 Dex+8 Stlth-}
   (You took it off an orc on level 6 of the Dungeon)

   It affects your intelligence (-5).
   It affects your dexterity (+8).
   It protects you from poison.
   It makes you less stealthy.
 T - a +2 plate armour of fire resistance (worn)
Jewellery
 h - a +2 ring of evasion (left hand)
 l - an amulet of regeneration (around neck)
 t - an uncursed ring of protection from magic
 z - an uncursed ring of positive energy
 H - a +1 ring of slaying (right hand)
Wands
 x - a wand of flame (8)
 I - a wand of clouds (3)
 L - a wand of polymorph (7)
 M - a wand of iceblast (10)
 Q - a wand of paralysis (7)
Scrolls
 e - 7 scrolls of remove curse
 g - a scroll of immolation {unknown}
 i - 2 scrolls of fear
 k - 2 scrolls of amnesia
 o - 2 scrolls of magic mapping
 w - a scroll of fog {unknown}
 G - a scroll of silence {unknown}
 R - a scroll of identify
Potions
 n - a potion of curing
 r - a potion of brilliance {unknown}
 s - a potion of mutation {unknown}
 v - a potion of might {unknown}
 C - a potion of haste {unknown}
 D - 2 potions of flight
 E - a potion of ambrosia {unknown}
 F - a potion of cancellation {unknown}
 O - a potion of degeneration {unknown}
 S - a potion of lignification {unknown}
Comestibles
 c - 19 rations
 m - 4 chunks of flesh


   Skills:
 - Level 4.0 Fighting
 - Level 1.0 Short Blades
 - Level 0.2 Maces & Flails
 + Level 10.3 Armour
 - Level 1.7 Dodging
 - Level 2.5 Stealth
 - Level 7.3 Spellcasting
 - Level 1.0 Conjurations
 - Level 6.0 Air Magic
 - Level 10.3 Poison Magic
 - Level 0.1 Evocations


You had 14 spell levels left.
You knew the following spells:

 Your Spells              Type           Power        Failure   Level  Hunger
a - Sting                 Conj/Pois      ###.         38%         1    None
b - Poisonous Vapours     Pois/Air       ####..       22%         2    None
c - Olgreb's Toxic Radia  Pois           #####...     54%         4    ####...
d - Mephitic Cloud        Conj/Pois/Air  ###.....     77%         3    ##.....

Your spell library contained the following spells:

 Spells                   Type           Power        Failure   Level  Hunger
 Spider Form              Tmut/Pois      ###.......   83%         3    ##.....
 Ignite Poison            Fire/Tmut/Pois ###.....     97%         3    ##.....
 Flame Tongue             Conj/Fire      #....        98%         1    None
 Throw Flame              Conj/Fire      #.....       99%         2    None
 Conjure Flame            Conj/Fire      #.......     100%        3    ##.....
 Inner Flame              Hex/Fire       #.......     100%        3    ##.....
 Petrify                  Tmut/Erth      #.......     100%        4    ####...
 Sticky Flame             Conj/Fire      #.......     100%        4    ####...
 Fireball                 Conj/Fire      #.........   100%        5    #####..
 Venom Bolt               Conj/Pois      ###.......   100%        5    #####..


Dungeon Overview and Level Annotations

Branches:
Dungeon (8/15)             Temple (0/1) D:6
   Lair: D:8-11

Altars:
Hepliaklqana
Kikubaaqudgha
Nemelex Xobeh
Ru
Uskayaw
Vehumet
The Shining One

Shops:
D:4 *

Annotations:
D:6 2 transporters, fly's ghost, novice OgFE


Innate Abilities, Weirdness & Mutations

You cannot be hasted, slowed, berserked, paralysed or teleported.
You can dig through walls and to a lower floor.
Your four strong arms can wield two-handed weapons with a shield.
You have a pair of large antennae on your head. (SInv)
Your life essence is reduced to manifest your ancestor. (-10% HP)


Message History

The killer bee poisons you! The killer bee stings you.
You miss the killer bee.
The killer bee is moderately wounded.
The killer bee stings you! The killer bee closely misses you. x2
The killer bee stings you but does no damage.
Unknown command.
You miss the killer bee.
The killer bee is heavily wounded.
You feel sick.
The killer bee stings you but does no damage. x3
The killer bee stings you!
* * * LOW HITPOINT WARNING * * *
The killer bee stings you but does no damage.
You closely miss the killer bee.
The killer bee is severely wounded.
You feel sick. The killer bee stings you!
* * * LOW HITPOINT WARNING * * *
The killer bee stings you but does no damage.
The killer bee stings you!
You die...

.. .... ....
######<#.
)...######.†....%.
#....y@†...#
#....##y..##
######....##..#.#
..................##
.#
..............###.#
.#
...............##.#
.#
................#.#
.
................#..
................#


You could see 2 killer bees.

Vanquished Creatures
  A two-headed ogre (D:7)
  Pikel (D:5)
  A queen bee (D:8)
  2 hippogriffs
  2 water moccasins
  An ice beast (D:6)
  2 sky beasts
  A phantom (D:7)
  A slave (D:5)
  2 ogres
  A black bear (D:8)
  4 orc warriors
  A centaur (D:5)
  A big kobold (D:8)
  Blork the orc (D:5)
  2 scorpions (D:6)
  12 killer bees (D:8)
  5 crimson imps
  2 hounds
  A jelly (D:5)
  14 orc priests
  A bullfrog skeleton (D:6)
  17 orc wizards
  A gnoll shaman (D:7)
  Jessica (D:3)
  5 worker ants
  5 iguanas
  A killer bee zombie (D:5)
  A hound skeleton (D:4)
  4 gnolls (D:7)
  11 adders
  A shadow imp (D:5)
  4 oozes
  An adder zombie (D:7)
  An adder skeleton (D:8)
  2 worms
  A dart slug (D:1)
  6 leopard geckos
  60 orcs
  A ball python (D:3)
  3 giant cockroaches
  9 hobgoblins
  4 jackals
  4 quokkas
  8 bats
  11 frilled lizards
  5 goblins
  A jackal skeleton (D:4)
  6 kobolds
  A leopard gecko skeleton (D:4)
  A quokka zombie (D:2)
  9 rats
244 creatures vanquished.

Vanquished Creatures (collateral kills)
  An ice beast (D:6)
  A phantom (D:7)
  2 bullfrogs
  2 howler monkeys (D:6)
  A crimson imp (D:6)
  A bullfrog zombie (D:8)
  2 jellies
  2 hounds
  8 orc wizards
  3 iguanas
  2 worker ants
  An adder (D:4)
  4 gnolls
  2 shadow imps (D:5)
  A leopard gecko (D:6)
  5 orcs
  A jackal (D:5)
39 creatures vanquished.

Vanquished Creatures (others)
  A slave (D:5)
  A hound (D:5)
  7 ancestors
  An orc (D:5)
10 creatures vanquished.

Grand Total: 293 creatures vanquished

Notes
Turn   | Place    | Note
-------+----------+-------------------------------------------
     0 | D:1      | Rarebit the Formicid Venom Mage began the quest for the
                  | Orb.
     0 | D:1      | Reached XP level 1. HP: 13/13 MP: 3/3
   177 | D:1      | Reached XP level 2. HP: 9/19 MP: 1/5
   306 | D:1      | Learned a level 2 spell: Poisonous Vapours
   742 | D:1      | Reached XP level 3. HP: 24/24 MP: 1/7
   880 | D:2      | Reached skill level 5 in Poison Magic
  1045 | D:2      | Found a sacrificial altar of Ru.
  1045 | D:2      | Found a radiant altar of Vehumet.
  1555 | D:3      | Reached XP level 4. HP: 27/30 MP: 8/8
  1597 | D:3      | Noticed Jessica
  1600 | D:3      | Reached skill level 1 in Conjurations
  1611 | D:3      | Killed Jessica
  1611 | D:3      | Reached skill level 1 in Air Magic
  1742 | D:3      | Reached skill level 1 in Fighting
  1742 | D:3      | Reached XP level 5. HP: 37/37 MP: 3/9
  2357 | D:3      | Reached XP level 6. HP: 38/43 MP: 1/11
  2552 | D:3      | Found a sparkling altar of Nemelex Xobeh.
  2757 | D:3      | Found a faded altar of an unknown god.
  3040 | D:3      | Learned a level 4 spell: Olgreb's Toxic Radiance
  3173 | D:4      | Found Neburov's General Store.
  3311 | D:4      | Noticed an ogre
  3322 | D:4      | Killed an ogre
  3322 | D:4      | Reached skill level 1 in Armour
  3322 | D:4      | Reached XP level 7. HP: 48/48 MP: 2/12
  3405 | D:4      | Found a hide-covered altar of Uskayaw.
  3505 | D:4      | Reached skill level 1 in Short Blades
  3939 | D:4      | Found a hazy altar of Hepliaklqana.
  4013 | D:4      | Became a worshipper of Hepliaklqana the Forgotten
  4290 | D:4      | Reached XP level 8. HP: 50/50 MP: 6/14
  4354 | D:4      | Identified Sif Muna's Tome of Shifting Poison
  4575 | D:5      | Entered Level 5 of the Dungeon
  4742 | D:5      | Noticed Blork the orc
  4755 | D:5      | Killed Blork the orc
  4819 | D:5      | Reached skill level 5 in Spellcasting
  4948 | D:5      | Found a transporter.
  5223 | D:5      | Noticed Pikel
  5237 | D:5      | Killed Pikel
  5237 | D:5      | Reached skill level 5 in Armour
  5237 | D:5      | Reached XP level 9. HP: 28/55 MP: 15/17
  5521 | D:5      | Found a transporter.
  5695 | D:6      | Reached skill level 5 in Air Magic
  5988 | D:6      | Found a transporter.
  6188 | D:6      | Found an ancient bone altar of Kikubaaqudgha.
  6235 | D:6      | Found a transporter.
  6239 | D:6      | Noticed a hippogriff
  6240 | D:6      | Noticed fly's ghost (novice OgFE)
  6254 | D:6      | Killed a hippogriff
  6254 | D:6      | Reached XP level 10. HP: 42/62 MP: 15/19
  6338 | D:6      | Learned a level 3 spell: Mephitic Cloud
  6498 | D:6      | Found a staircase to the Ecumenical Temple.
  6560 | D:6      | Reached * piety under Hepliaklqana
  6631 | D:6      | Identified the +0 ring mail of Umononae {rPois Int-5 Dex+8
                  | Stlth-}
  7612 | D:7      | Found a glowing golden altar of the Shining One.
  7760 | D:7      | Noticed a two-headed ogre
  7799 | D:7      | Killed a two-headed ogre
  7799 | D:7      | Reached skill level 10 in Poison Magic
  8309 | D:8      | Reached XP level 11. HP: 31/69 MP: 5/22
  8734 | D:8      | Reached skill level 10 in Armour
  8749 | D:8      | Slain by a killer bee

Skill      XL: |  1  2  3  4  5  6  7  8  9 10 11 |
---------------+----------------------------------+-----
Poison Magic   | 5 6 7 8 10 | 10.3
Spellcasting   | 3 4 5 6 7 |  7.3
Conjurations   | 1 |  1.0
Air Magic      | 1 2 3 4 5 6 |  6.0
Fighting       | 1 2 4 |  4.0
Armour         | 1 2 5 7 9 10 | 10.3
Short Blades   | 1 |  1.0
Maces & Flails | |  0.2
Dodging        | |  1.7
Stealth        | |  2.5
Evocations     | |  0.1

Action                   |  1- 3 |  4- 6 |  7- 9 | 10-12 || total
-------------------------+-------+-------+-------+-------++-------
Melee: Club              |    76 |    78 |       |       ||   154
       Dagger            |       |    65 |   290 |   252 ||   607
       Flail             |       |     8 |       |       ||     8
       Mace              |       |       |       |     4 ||     4
 Cast: Sting             |     8 |       |       |       ||     8
       Poisonous Vapours |    12 |    45 |    44 |    49 ||   150
       Olgreb's Toxic Ra |       |       |    14 |    13 ||    27
Evoke: Wand              |       |       |     4 |     1 ||     5
  Use: Scroll            |       |       |     8 |     3 ||    11
       Potion            |       |       |     1 |       ||     1
 Stab: Sleeping          |     3 |     1 |       |       ||     4
       Distracted        |       |       |     2 |       ||     2
  Eat: Chunk             |     3 |     8 |    10 |    11 ||    32
       Ration            |       |       |     1 |       ||     1
Armor: Robe              |    18 |    17 |       |       ||    35
       Ring mail         |       |    11 |    57 |    36 ||   104
       Scale mail        |       |       |    25 |    27 ||    52
       Plate armour      |       |       |       |   156 ||   156
Dodge: Dodged            |    81 |   110 |   197 |   168 ||   556
